 Dungeon Crawl Stone Soup version 0.24.0-13-gcf9b319 (webtiles) character file.

Game seed: 13686694653362621182, levelgen mode: deterministic

709 Bronimir the Twirler (level 7, 0/54 HPs)
             Began as a Barachi Skald on Apr 5, 2020.
             Was an Initiate of Makhleb.
             Slain by Grinder (3 damage)
             ... on level 5 of the Dungeon.
             The game lasted 00:13:21 (4980 turns).

Bronimir the Twirler (Barachi Skald)                Turns: 4980, Time: 00:13:21

Health: 0/54       AC:  7    Str: 14    XL:     7   Next: 68%
Magic:  10/11      EV: 12    Int: 16    God:    Makhleb [......]
Gold:   320        SH:  0    Dex: 11    Spells: 1/11 levels left

rFire    + . .     SeeInvis .   a - +3 quarterstaff (chaos)
rCold    . . .     Gourm    .   (shield currently unavailable)
rNeg     . . .     Faith    .   m - +3 leather armour {rF+}
rPois    .         Spirit   .   (no helmet)
rElec    .         Reflect  .   p - +0 cloak
rCorr    .         Harm     .   (no gloves)
MR       .....                  (no boots)
Stlth    +.........             (no amulet)
HPRegen  0.18/turn              w - +2 ring of intelligence
MPRegen  0.12/turn              (no ring)

@: confusing touch, can't hop, slow
A: +LOS, swims, slowness 1, strong legs 1
a: Hop, Renounce Religion


You were on level 5 of the Dungeon.
You worshipped Makhleb.
Makhleb was noncommittal.
You were not hungry.

You visited 1 branch of the dungeon, and saw 5 of its levels.
You also visited: Sewer and Ossuary.

You collected 320 gold pieces.

Inventory:

Hand Weapons
 a - a +3 quarterstaff of chaos (weapon)
 b - a +0 hunting sling
 o - a +0 falchion
Missiles
 c - 39 arrows
 e - 208 stones
 i - 25 sling bullets
 u - 31 bolts
 x - 20 poisoned darts (quivered)
Armour
 m - a +3 leather armour of fire resistance (worn)
 p - a +0 cloak (worn)
 y - the +4 scale mail of Kindness {rElec rN++ Str-4 SInv}
   (You found it on level 4 of the Dungeon)

   It affects your strength (-4).
   It insulates you from electricity.
   It greatly protects you from negative energy.
   It lets you see invisible.
Jewellery
 w - a +2 ring of intelligence (left hand)
Wands
 A - a wand of iceblast (5)
Scrolls
 g - 10 scrolls of identify
 h - 7 scrolls of immolation {unknown}
 s - 3 scrolls of remove curse {unknown}
 v - 2 scrolls of teleportation {unknown}
 B - a scroll of noise {unknown}
 C - 5 scrolls of random uselessness {unknown}
Potions
 j - a potion of berserk rage {unknown}
 k - 2 potions of flight
 n - 2 potions of heal wounds
 q - a potion of mutation {unknown}
 r - 4 potions of cancellation {unknown}
 t - 6 potions of degeneration {unknown}
 z - 5 potions of lignification {unknown}
 D - a potion of might {unknown}
 E - a potion of ambrosia {unknown}
Comestibles
 d - 5 rations


   Skills:
 * Level 4.0 Fighting
 + Level 3.1 Long Blades
 * Level 4.3 Staves
 + Level 1.7 Slings
 * Level 3.2 Armour
 + Level 2.9 Dodging
 + Level 0.3 Stealth
 + Level 2.9 Spellcasting
 * Level 2.8 Hexes
 + Level 4.0 Charms
 * Level 1.8 Necromancy
 + Level 0.2 Translocations
 * Level 0.3 Invocations


You had one spell level left.
You knew the following spells:

 Your Spells              Type           Power        Failure   Level  Hunger
a - Infusion              Chrm           ###.         4%          1    #......
b - Song of Slaying       Chrm           ###.....     7%          2    ##.....
c - Shroud of Golubria    Chrm/Tloc      #.....       14%         2    ##.....
d - Animate Skeleton      Necr           N/A          11%         1    #......
e - Confusing Touch       Hex            ##....       8%          1    #......
f - Spectral Weapon       Hex/Chrm       ##......     17%         3    ###....

Your spell library contained the following spells:

 Spells                   Type           Power        Failure   Level  Hunger
 Apportation              Tloc           #.....       22%         1    #......
 Summon Small Mammal      Summ           #...         24%         1    #......
 Regeneration             Chrm/Necr      ##........   22%         3    ###....


Dungeon Overview and Level Annotations

Branches:
Dungeon (5/15)             Temple (0/1) D:5           Sewer (visited)
Ossuary (visited)

Altars:
Cheibriados
Hepliaklqana
Makhleb
Trog

Annotations:
D:5 Grinder, Prince Ribbit


Innate Abilities, Weirdness & Mutations

Shadows flee at your approach. (+LOS)
You can swim through water.
You cover ground slowly.
You can hop short distances.


Message History

Prince Ribbit mumbles some strange words.
Prince Ribbit looks slightly unstable.
Prince Ribbit blinks!
Prince Ribbit disappears!
Quiver which item? (- for none, * to show all) (? for menu, Esc to quit)
Quivering
x - 20 poisoned darts for throwing.
There is a stone staircase leading down here.
Grinder is too close now for your liking.
Casting: Confusing Touch (safe; 8% risk of failure)
Confirm with . or Enter, or press ? or * to list all spells.
Your hands begin to glow red.
Grinder zaps a wand.
The puff of flame hits you. You resist.
You are too injured to fight recklessly!
Grinder gestures at you. Pain shoots through your body!
* * * LOW HITPOINT WARNING * * *
Grinder hits you.
* * * LOW HITPOINT WARNING * * *
You writhe in agony.
You die...

#.# #............#....#
#.###............'....#
#...'............#....#
#####.................#
#.................# #.
#.............#'### #..
#.............#.##### #..
#####>5.............## #...
#@#.###.#.#.###..# #.... #.#.#
#.#.#.# ##.# ##....#####
#.#.###..<#.####..
#.........###.................
#.............#.......#.......
#....###.###..###########.###.
#.. #.#.#.#..... #.# ##
#.#5#.#..#### #.# #.....#...
≈#.#≈


You could see Grinder.

Vanquished Creatures
  Purgy (Sewer)
  A big kobold (D:4)
  A scorpion (D:4)
  A howler monkey (D:4)
  A centaur zombie (Ossuary)
  Crazy Yiuf (D:2)
  2 orc wizards (D:3)
  A bullfrog skeleton (D:4)
  A centaur skeleton (D:4)
  An iguana (D:4)
  4 mummies (Ossuary)
  6 adders
  A river rat (D:3)
  A shadow imp (D:3)
  5 worms
  3 dart slugs
  3 leopard geckos
  8 orcs
  3 ball pythons
  8 bats
  4 giant cockroaches
  4 gnoll zombies (Ossuary)
  9 hobgoblins
  11 jackals
  5 quokkas
  3 frilled lizards (D:2)
  9 goblins
  12 kobolds
  2 kobold zombies (Ossuary)
  An orc zombie (Ossuary)
  A quokka zombie (D:5)
  13 rats
  A rat zombie (D:5)
128 creatures vanquished.

Vanquished Creatures (others)
  A spectral weapon (D:5)
1 creature vanquished.

Grand Total: 129 creatures vanquished

Notes
Turn   | Place    | Note
-------+----------+-------------------------------------------
     0 | D:1      | Bronimir the Barachi Skald began the quest for the Orb.
     0 | D:1      | Reached XP level 1. HP: 17/17 MP: 3/3
   121 | D:1      | Reached XP level 2. HP: 23/23 MP: 5/5
   594 | D:2      | Reached XP level 3. HP: 23/28 MP: 6/6
   799 | D:2      | HP: 1/28 [poisoned by an adder]
   992 | D:2      | Reached XP level 4. HP: 34/34 MP: 7/7
  1136 | D:2      | Reached skill level 1 in Slings
  1688 | D:2      | Learned a level 2 spell: Song of Slaying
  1691 | D:2      | Learned a level 2 spell: Shroud of Golubria
  1693 | D:2      | Learned a level 1 spell: Animate Skeleton
  1695 | D:2      | Learned a level 1 spell: Confusing Touch
  1984 | D:2      | Found a runed translucent door.
  1985 | D:2      | Noticed Crazy Yiuf
  1998 | D:2      | Killed Crazy Yiuf
  1998 | D:2      | Reached XP level 5. HP: 41/41 MP: 2/8
  2199 | D:3      | Found a glowing drain.
  2204 | Sewer    | Entered a sewer
  2283 | Sewer    | Noticed Purgy
  2323 | Sewer    | Killed Purgy
  2323 | Sewer    | Reached skill level 1 in Staves
  2323 | Sewer    | Reached skill level 1 in Hexes
  2323 | Sewer    | Reached XP level 6. HP: 18/48 MP: 6/10
  2716 | D:3      | Reached skill level 1 in Necromancy
  2931 | D:3      | Found a burning altar of Makhleb.
  3047 | D:3      | Noticed a moth of wrath
  3049 | D:3      | Found a bloodstained altar of Trog.
  3261 | D:4      | Found a snail-covered altar of Cheibriados.
  3339 | D:3      | Became a worshipper of Makhleb the Destroyer
  3436 | D:4      | Found a hazy altar of Hepliaklqana.
  3758 | D:4      | Reached XP level 7. HP: 51/53 MP: 11/11
  3778 | D:4      | Learned a level 3 spell: Spectral Weapon
  4028 | D:4      | Found a bloodstained altar of Trog.
  4254 | D:4      | Got a scorched scale mail
  4265 | D:4      | Identified the +4 scale mail of Kindness {rElec rN++ Str-4
                  | SInv} (You found it on level 4 of the Dungeon)
  4614 | D:5      | Entered Level 5 of the Dungeon
  4617 | D:5      | Found a staircase to the Ecumenical Temple.
  4698 | D:5      | Found a sand-covered staircase.
  4699 | D:5      | Noticed Prince Ribbit
  4700 | D:5      | Noticed Grinder
  4706 | Ossuary  | Entered an ossuary
  4934 | D:5      | Paralysed by Grinder for 4 turns
  4980 | D:5      | Slain by Grinder

Levels and vault maps discovered:
D:1:      eino_arrival_tree_alley, layout_basic, minmay_misc_feat_five,
          hangedman_decor_push, chequers_decorated_corner
D:2:      layout_basic, uniq_crazy_yiuf_cottage
D:3:      layout_loops_ring, tgw_trog, makhleb_grotto_becter, first_ration,
          gup_sewer_entry_bowl
D:4:      layout_loops_ring, kennysheep_mini, nicolae_overflow_hidden_temple,
          st_stairs_3, trog_hazing_becter
D:5:      layout_basic, minmay_temple_entry_poolview, enter_ossuary_4,
          uniq_prince_ribbit1, uniq_grinder

Skill      XL: |  1  2  3  4  5  6  7 |
---------------+----------------------+-----
Armour         | 2 3 |  3.2
Slings         | 1 |  1.7
Fighting       | 3 4 |  4.0
Long Blades    | 3 |  3.1
Staves         | 1 2 4 |  4.3
Hexes          | 1 2 |  2.8
Necromancy     | 1 |  1.8
Charms         | 4 |  4.0
Dodging        | |  2.9
Stealth        | |  0.3
Spellcasting   | |  2.9
Translocations | |  0.2
Invocations    | |  0.3

Action                   |  1- 3 |  4- 6 |  7- 9 || total
-------------------------+-------+-------+-------++-------
Melee: Falchion          |    20 |    35 |       ||    55
       Quarterstaff      |       |   159 |    79 ||   238
 Fire: Hunting sling     |    66 |    54 |       ||   120
 Cast: Infusion          |       |     7 |     8 ||    15
       Shroud of Golubri |       |     5 |     5 ||    10
       Confusing Touch   |       |     2 |     4 ||     6
       Song of Slaying   |       |     3 |       ||     3
       Spectral Weapon   |       |       |     1 ||     1
 Abil: Hop               |     1 |       |     1 ||     2
  Use: Potion            |     2 |       |     5 ||     7
       Scroll            |       |     4 |       ||     4
 Stab: Petrifying        |       |     2 |       ||     2
       Paralysed         |       |     1 |     3 ||     4
       Confused          |       |       |     1 ||     1
  Eat: Chunk             |       |    11 |     2 ||    13
       Ration            |       |       |     1 ||     1
Armor: Leather armour    |     6 |   127 |    33 ||   166
Dodge: Dodged            |    29 |   199 |    54 ||   282
       Rpst.: Falchion   |     5 |    12 |       ||    17
